| TOP OF THE 1ST |
|
Kane County Cougars batting - Pitching for West Virginia Power : RHP Pete Griesser
|
|
Pitching: RHP Pete Griesser
|
|
|
Batting: RHB Mike Smith
|
0-0: Called Strike 0-1: Ball 1-1: Ball 2-1: Swinging Strike 2-2: Strikes out looking
|
|
Batting: SHB Blaine Peters
|
0-0: Called Strike 0-1: Foul Ball, location: 2F 0-2: Ball 1-2: Strikes out swinging
|
|
Batting: RHB Longfellow Wetzler
|
0-0: Ball 1-0: Foul Ball, location: 2F 1-1: Ball 2-1: Foul Ball, location: 2F 2-2: SINGLE (Line Drive, 4D, EV 110.6 MPH)
|
|
Batting: RHB Bobby Coulombe
|
0-0: Ball 1-0: Ball 2-0: Ball 3-0: Base on Balls Longfellow Wetzler to second
|
|
Batting: RHB Dustin Legault
|
0-0: Ball 1-0: Foul Ball, location: 2LF, Error on foul ball, E2 1-1: Called Strike 1-2: Fly out, F7 (Flyball, 7, EV 77.5 MPH)
|
| Top of the 1st over - 0 runs, 1 hit, 1 error, 2 left on base; Kane County 0 - West Virginia 0 |
| BOTTOM OF THE 1ST |
|
West Virginia Power batting - Pitching for Kane County Cougars : RHP Marco Rodriguez
|
|
Pitching: RHP Marco Rodriguez
|
|
|
Batting: RHB Melvin Durland
|
0-0: Ball 1-0: Called Strike 1-1: Ball 2-1: SINGLE (Line Drive, 6M, EV 96.9 MPH)
|
|
Batting: RHB Hidesuke Yoshida
|
0-0: Called Strike 0-1: Ball 1-1: Ball 2-1: Foul Ball, location: 2F 2-2: Foul Ball, location: 2F 2-2: SINGLE (Groundball, 25, EV 68.1 MPH) (infield hit) Melvin Durland to second
|
|
Batting: LHB Dustin Herman
|
0-0: Ball 1-0: Swinging Strike 1-1: Ball 2-1: Called Strike Melvin Durland steals 3rd base Hidesuke Yoshida to second 2-2: Ball 3-2: Fly out, F7 (Flyball, 78M, EV 88.1 MPH)
|
|
Batting: RHB Rusty Trader
|
0-0: Called Strike 0-1: Called Strike 0-2: Ground out 4-3 (Groundball, 4, EV 88.1 MPH) Melvin Durland scores Hidesuke Yoshida to third
|
|
Batting: RHB Tim Moore
|
0-0: Ball 1-0: Foul Ball, location: 2F 1-1: DOUBLE (Flyball, 78D, EV 91.2 MPH) Hidesuke Yoshida scores
|
|
Batting: SHB Rob Haney
|
0-0: Ball 1-0: Called Strike 1-1: SINGLE (Line Drive, 89M, EV 99.4 MPH) Tim Moore to third
|
|
Batting: SHB Don Hauk
|
0-0: Called Strike 0-1: Ball 1-1: Swinging Strike 1-2: Strikes out looking
|
| Bottom of the 1st over - 2 runs, 4 hits, 0 errors, 2 left on base; Kane County 0 - West Virginia 2 |
| TOP OF THE 2ND |
|
Kane County Cougars batting - Pitching for West Virginia Power : RHP Pete Griesser
|
|
Batting: RHB Daniel Rivera
|
0-0: Called Strike 0-1: Ball 1-1: Ball 2-1: DOUBLE (Flyball, 8RXD, EV 92.5 MPH)
|
|
Batting: RHB Cesar Rendon
|
0-0: SINGLE (Line Drive, 78S, EV 99.4 MPH) Daniel Rivera to third
|
|
Batting: RHB Jeremy Adams
|
0-0: Grounds into double play, 5-4-3 (Groundball, 5S, EV 85.0 MPH) Daniel Rivera scores
|
|
Batting: LHB Jeff Trapp
|
0-0: Ball 1-0: TRIPLE (Flyball, 9LD, EV 89.4 MPH)
|
|
Batting: RHB Mike Smith
|
0-0: Foul Ball, location: 2F 0-1: Fly out, F7 (Flyball, BS1, EV 103.1 MPH)
|
| Top of the 2nd over - 1 run, 3 hits, 0 errors, 1 left on base; Kane County 1 - West Virginia 2 |
| BOTTOM OF THE 2ND |
|
West Virginia Power batting - Pitching for Kane County Cougars : RHP Marco Rodriguez
|
|
Batting: RHB Randy Bergman
|
0-0: Called Strike 0-1: Ball 1-1: Foul Ball, location: 2F 1-2: Foul Ball, location: 2F 1-2: Strikes out swinging
|
|
Batting: LHB Jim Weidman
|
0-0: DOUBLE (Line Drive, 89XD, EV 105.0 MPH)
|
|
Batting: RHB Melvin Durland
|
0-0: Ball 1-0: Foul Ball, location: 2F 1-1: Ball 2-1: SINGLE (Groundball, 6MD, EV 98.1 MPH) Jim Weidman to third
|
|
Batting: RHB Hidesuke Yoshida
|
0-0: Ball 1-0: Called Strike Melvin Durland steals 2nd base 1-1: Ball 2-1: Foul Ball, location: 2F 2-2: Reached on error, E6 (Groundball, 6, EV 88.1 MPH) Jim Weidman scores Melvin Durland to third
|
|
Batting: LHB Dustin Herman
|
0-0: Ball 1-0: Ball 2-0: Foul Ball, location: 2F 2-1: Swinging Strike 2-2: Ball Hidesuke Yoshida steals 2nd base 3-2: Foul Ball, location: 2F 3-2: Strikes out swinging
|
|
Batting: RHB Rusty Trader
|
0-0: Ground out 6-3 (Groundball, 6, EV 109.4 MPH)
|
| Bottom of the 2nd over - 1 run, 2 hits, 1 error, 2 left on base; Kane County 1 - West Virginia 3 |
| TOP OF THE 3RD |
|
Kane County Cougars batting - Pitching for West Virginia Power : RHP Pete Griesser
|
|
Batting: SHB Blaine Peters
|
0-0: Ball 1-0: Ball 2-0: Ball 3-0: Base on Balls
|
|
Batting: RHB Longfellow Wetzler
|
0-0: Foul Ball, location: 2F 0-1: Called Strike 0-2: Hit by Pitch Blaine Peters to second
|
|
Batting: RHB Bobby Coulombe
|
0-0: Ball 1-0: Foul Ball, location: 2F 1-1: Foul Ball, location: 2F 1-2: Fielders Choice at 2nd, 6-4 (Groundball, 6, EV 76.9 MPH) Blaine Peters to third
|
|
Batting: RHB Dustin Legault
|
0-0: Ball 1-0: Ball Bobby Coulombe steals 2nd base 2-0: Called Strike 2-1: Swinging Strike 2-2: Ball 3-2: Strikes out looking
|
|
Batting: RHB Daniel Rivera
|
0-0: Foul Ball, location: 2F 0-1: Ball 1-1: Swinging Strike 1-2: Strikes out swinging
|
| Top of the 3rd over - 0 runs, 0 hits, 0 errors, 2 left on base; Kane County 1 - West Virginia 3 |
| BOTTOM OF THE 3RD |
|
West Virginia Power batting - Pitching for Kane County Cougars : RHP Marco Rodriguez
|
|
Batting: RHB Tim Moore
|
0-0: Called Strike 0-1: Swinging Strike 0-2: Ball 1-2: Ball 2-2: Ball 3-2: Foul Ball, location: 2F 3-2: Strikes out swinging
|
|
Batting: SHB Rob Haney
|
0-0: Ball 1-0: Ball 2-0: Called Strike 2-1: Foul Ball, location: 2F 2-2: Ground out 4-3 (Groundball, 34, EV 101.9 MPH)
|
|
Batting: SHB Don Hauk
|
0-0: Ball 1-0: Called Strike 1-1: Ball 2-1: Fly out, F7 (Flyball, 7S, EV 92.5 MPH)
|
| Bottom of the 3rd over - 0 runs, 0 hits, 0 errors, 0 left on base; Kane County 1 - West Virginia 3 |
| TOP OF THE 4TH |
|
Kane County Cougars batting - Pitching for West Virginia Power : RHP Pete Griesser
|
|
Batting: RHB Cesar Rendon
|
0-0: Foul Ball, location: 2F 0-1: Swinging Strike 0-2: Ball 1-2: Ball 2-2: Strikes out looking
|
|
Batting: RHB Jeremy Adams
|
0-0: Ball 1-0: Ball 2-0: Called Strike 2-1: SINGLE (Line Drive, 9LS, EV 111.9 MPH)
|
|
Batting: LHB Jeff Trapp
|
0-0: Ball 1-0: Called Strike 1-1: Foul Ball, location: 2F 1-2: Ball 2-2: Ball 3-2: 2-RUN HOME RUN (Flyball, 9D, EV 97.5 MPH), Distance : 363 ft
|
|
Batting: RHB Mike Smith
|
0-0: Ball 1-0: Swinging Strike 1-1: Foul Ball, location: 2F 1-2: Strikes out swinging
|
|
Batting: SHB Blaine Peters
|
0-0: Ball 1-0: Called Strike 1-1: Ball 2-1: Fly out, F7 (Line Drive, 7LM, EV 96.9 MPH)
|
| Top of the 4th over - 2 runs, 2 hits, 0 errors, 0 left on base; Kane County 3 - West Virginia 3 |
| BOTTOM OF THE 4TH |
|
West Virginia Power batting - Pitching for Kane County Cougars : RHP Marco Rodriguez
|
|
Batting: RHB Randy Bergman
|
0-0: Ball 1-0: Ball 2-0: Called Strike 2-1: Ball 3-1: Called Strike 3-2: Foul Ball, location: 2F 3-2: Ground out 6-3 (Groundball, 6, EV 109.4 MPH)
|
|
Batting: LHB Jim Weidman
|
0-0: Called Strike 0-1: Ball 1-1: Ball 2-1: Ball 3-1: Ground out 4-3 (Groundball, 4, EV 110.0 MPH)
|
|
Batting: RHB Melvin Durland
|
0-0: Foul Ball, location: 2F 0-1: Ball 1-1: Foul Ball, location: 2F 1-2: Foul Ball, location: 2F 1-2: Ball 2-2: Ball 3-2: SINGLE (Line Drive, 4D, EV 97.5 MPH)
|
|
Batting: RHB Hidesuke Yoshida
|
0-0: Called Strike Melvin Durland steals 2nd base (no throw) 0-1: Called Strike 0-2: Ball 1-2: Ball 2-2: DOUBLE (Line Drive, 89D, EV 106.2 MPH) Melvin Durland scores
|
|
Batting: LHB Dustin Herman
|
0-0: Ball 1-0: Called Strike 1-1: Ground out 4-3 (Groundball, 4S, EV 85.6 MPH)
|
| Bottom of the 4th over - 1 run, 2 hits, 0 errors, 1 left on base; Kane County 3 - West Virginia 4 |
| TOP OF THE 5TH |
|
Kane County Cougars batting - Pitching for West Virginia Power : RHP Pete Griesser
|
|
Batting: RHB Longfellow Wetzler
|
0-0: DOUBLE (Flyball, 8LXD, EV 103.1 MPH)
|
|
Batting: RHB Bobby Coulombe
|
0-0: Called Strike 0-1: Ground out 6-3 (Groundball, 6, EV 101.9 MPH)
|
|
Batting: RHB Dustin Legault
|
0-0: Ball 1-0: Ball Wild Pitch! Longfellow Wetzler to third 2-0: Foul Ball, location: 2F 2-1: Ball 3-1: Reached on error, E4 (Groundball, 4, EV 78.8 MPH) Longfellow Wetzler scores
|
|
Batting: RHB Daniel Rivera
|
0-0: Ball 1-0: Reached on error, E5 (Groundball, 56, EV 83.1 MPH) Dustin Legault to second
|
|
Pitching: LHP Hugo Aquino
|
|
|
Batting: RHB Cesar Rendon
|
0-0: Called Strike 0-1: Ball 1-1: Foul Ball, location: 2F 1-2: SINGLE (Line Drive, 5D, EV 94.4 MPH) Dustin Legault to third Daniel Rivera to second
|
|
Batting: RHB Jeremy Adams
|
0-0: Called Strike 0-1: Ball 1-1: Swinging Strike 1-2: Ball 2-2: Foul Ball, location: 2F 2-2: Ball 3-2: Base on Balls Dustin Legault scores Daniel Rivera to third Cesar Rendon to second
|
|
Batting: LHB Jeff Trapp
|
0-0: Ball 1-0: Foul Ball, location: 2F 1-1: Ball 2-1: Foul Ball, location: 2F 2-2: Fly out, F9 (Flyball, 9LSF, EV 94.4 MPH)
|
|
Batting: RHB Mike Smith
|
0-0: Swinging Strike 0-1: Ball 1-1: Foul Ball, location: 2F 1-2: Ball 2-2: DOUBLE (Flyball, 8LXD, EV 105.0 MPH) Daniel Rivera scores Cesar Rendon scores Jeremy Adams to third Runner from 3rd tries for Home, SAFE, no throw by CF
|
|
Batting: SHB Blaine Peters
|
0-0: Ground out 5-3 (Groundball, 56, EV 78.1 MPH)
|
| Top of the 5th over - 5 runs, 3 hits, 2 errors, 1 left on base; Kane County 8 - West Virginia 4 |
| BOTTOM OF THE 5TH |
|
West Virginia Power batting - Pitching for Kane County Cougars : RHP Marco Rodriguez
|
|
Batting: RHB Rusty Trader
|
0-0: Ball 1-0: Called Strike 1-1: Ball 2-1: Swinging Strike 2-2: Foul Ball, location: 2F 2-2: Ball 3-2: Ground out 6-3 (Groundball, 56, EV 99.4 MPH)
|
|
Pitching: RHP Alan Muth
|
|
|
Batting: RHB Tim Moore
|
0-0: Ball 1-0: Foul Ball, location: 2F 1-1: Ball 2-1: Called Strike 2-2: Ball 3-2: Strikes out swinging
|
|
Batting: SHB Rob Haney
|
0-0: Ground out 1-3 (Groundball, P, EV 70.6 MPH)
|
| Bottom of the 5th over - 0 runs, 0 hits, 0 errors, 0 left on base; Kane County 8 - West Virginia 4 |
| TOP OF THE 6TH |
|
Kane County Cougars batting - Pitching for West Virginia Power : LHP Hugo Aquino
|
|
Batting: RHB Longfellow Wetzler
|
0-0: Called Strike 0-1: SINGLE (Groundball, 4S, EV 94.4 MPH)
|
|
Batting: RHB Bobby Coulombe
|
0-0: Called Strike 0-1: Ball Longfellow Wetzler steals 2nd base (no throw) 1-1: Foul Ball, location: 2F 1-2: Foul Ball, location: 2F 1-2: Ball 2-2: Strikes out swinging
|
|
Batting: RHB Dustin Legault
|
0-0: Called Strike 0-1: Ball 1-1: Ball 2-1: Ground out 6-3 (Groundball, 6, EV 88.8 MPH) Longfellow Wetzler to third
|
|
Batting: RHB Daniel Rivera
|
0-0: Ball 1-0: Called Strike 1-1: Ball 2-1: Called Strike 2-2: Ground out 5-3 (Groundball, 5S, EV 87.5 MPH)
|
| Top of the 6th over - 0 runs, 1 hit, 0 errors, 1 left on base; Kane County 8 - West Virginia 4 |
| BOTTOM OF THE 6TH |
|
West Virginia Power batting - Pitching for Kane County Cougars : RHP Alan Muth
|
|
Batting: SHB Don Hauk
|
0-0: Foul Ball, location: 2F 0-1: Ball 1-1: Ball 2-1: Ball 3-1: Base on Balls
|
|
Batting: RHB Randy Bergman
|
0-0: Called Strike 0-1: Ball 1-1: Ball Don Hauk steals 2nd base 2-1: SINGLE (Flyball, 78S, EV 89.4 MPH) Don Hauk to third
|
|
Batting: LHB Jim Weidman
|
0-0: Called Strike Randy Bergman steals 2nd base 0-1: Ball 1-1: Foul Ball, location: 2F 1-2: Strikes out looking
|
|
Batting: RHB Melvin Durland
|
0-0: Ball 1-0: Ball 2-0: Ball 3-0: Called Strike 3-1: Foul Ball, location: 2F 3-2: Fly out, F7 (Flyball, 78M, EV 96.2 MPH) Runner from 3rd tags up, SCORES, no throw by LF
|
|
Batting: RHB Hidesuke Yoshida
|
0-0: Ball 1-0: Swinging Strike 1-1: Foul Ball, location: 2F 1-2: Foul Ball, location: 2F 1-2: Ball 2-2: Ground out 5-3 (Groundball, 56, EV 86.2 MPH)
|
| Bottom of the 6th over - 1 run, 1 hit, 0 errors, 1 left on base; Kane County 8 - West Virginia 5 |
| TOP OF THE 7TH |
|
Kane County Cougars batting - Pitching for West Virginia Power : LHP Hugo Aquino
|
|
Pitching: RHP Ian Ferrara
|
|
|
Batting: RHB Cesar Rendon
|
0-0: Called Strike 0-1: Ball 1-1: Ball 2-1: Foul Ball, location: 2F 2-2: Fly out, F8 (Flyball, 78D, EV 93.8 MPH)
|
|
Batting: RHB Jeremy Adams
|
0-0: Ball 1-0: Ball 2-0: Called Strike 2-1: Called Strike 2-2: Strikes out looking
|
|
Batting: LHB Jeff Trapp
|
0-0: Swinging Strike 0-1: Foul Ball, location: 2F 0-2: Ball 1-2: Ball 2-2: Fly out, F7 (Flyball, 7LM, EV 80.0 MPH)
|
| Top of the 7th over - 0 runs, 0 hits, 0 errors, 0 left on base; Kane County 8 - West Virginia 5 |
| BOTTOM OF THE 7TH |
|
West Virginia Power batting - Pitching for Kane County Cougars : RHP Alan Muth
|
|
Pitching: RHP Jaylen Hatten
|
|
|
Batting: LHB Dustin Herman
|
0-0: Ball 1-0: Ball 2-0: Ball 3-0: Base on Balls
|
|
Batting: RHB Rusty Trader
|
0-0: Ball Dustin Herman is caught stealing 2nd base 2-4 1-0: Foul Ball, location: 2F 1-1: Swinging Strike 1-2: Strikes out swinging
|
|
Batting: RHB Tim Moore
|
0-0: Foul Ball, location: 2F 0-1: Foul Ball, location: 2F 0-2: DOUBLE (Line Drive, 9LM, EV 109.4 MPH)
|
|
Batting: SHB Rob Haney
|
0-0: Swinging Strike 0-1: Ball 1-1: Ball 2-1: Ground out 3-1 (Groundball, 34S, EV 84.4 MPH)
|
| Bottom of the 7th over - 0 runs, 1 hit, 0 errors, 1 left on base; Kane County 8 - West Virginia 5 |
| TOP OF THE 8TH |
|
Kane County Cougars batting - Pitching for West Virginia Power : RHP Ian Ferrara
|
|
Pitching: RHP Cal Abbott
|
|
|
Batting: RHB Mike Smith
|
0-0: Ball 1-0: Swinging Strike 1-1: Ball 2-1: Swinging Strike 2-2: Foul Ball, location: 2F 2-2: Ball 3-2: Foul Ball, location: 2F 3-2: Foul Ball, location: 2F 3-2: SINGLE (Groundball, 56S, EV 66.2 MPH) (infield hit)
|
|
Batting: SHB Blaine Peters
|
0-0: Called Strike Mike Smith steals 2nd, throwing error, E2 Mike Smith to third 0-1: SINGLE (Line Drive, 34, EV 94.4 MPH) Mike Smith scores
|
|
Batting: RHB Longfellow Wetzler
|
0-0: Ball Blaine Peters steals 2nd base 1-0: Ball 2-0: Called Strike 2-1: Ball 3-1: Base on Balls Blaine Peters steals 3rd base
|
|
Batting: RHB Bobby Coulombe
|
0-0: Ball Longfellow Wetzler is caught stealing 2nd base 2-4 1-0: Ball 2-0: Ball 3-0: Called Strike 3-1: Swinging Strike 3-2: Strikes out looking
|
|
Batting: RHB Dustin Legault
|
0-0: Called Strike 0-1: Ground out 6-3 (Groundball, 56, EV 104.4 MPH)
|
| Top of the 8th over - 1 run, 2 hits, 1 error, 1 left on base; Kane County 9 - West Virginia 5 |
| BOTTOM OF THE 8TH |
|
West Virginia Power batting - Pitching for Kane County Cougars : RHP Jaylen Hatten
|
|
Batting: SHB Don Hauk
|
0-0: Fly out, F8 (Flyball, 8RD, EV 92.5 MPH)
|
|
Batting: RHB Randy Bergman
|
0-0: Called Strike 0-1: Called Strike 0-2: SINGLE (Line Drive, 78M, EV 106.2 MPH)
|
|
Batting: LHB Jim Weidman
|
0-0: Called Strike 0-1: Ball 1-1: Foul Ball, location: 2F 1-2: Foul Ball, location: 2F 1-2: Ball 2-2: Foul Ball, location: 2F 2-2: Ball 3-2: Strikes out looking
|
|
Batting: RHB Melvin Durland
|
0-0: Ball 1-0: Ball 2-0: Ball 3-0: Base on Balls Randy Bergman to second
|
|
Batting: RHB Hidesuke Yoshida
|
0-0: Foul Ball, location: 2F 0-1: Called Strike 0-2: Foul Ball, location: 2F 0-2: Ball 1-2: Ball 2-2: Foul Ball, location: 2F 2-2: Strikes out swinging
|
| Bottom of the 8th over - 0 runs, 1 hit, 0 errors, 2 left on base; Kane County 9 - West Virginia 5 |
| TOP OF THE 9TH |
|
Kane County Cougars batting - Pitching for West Virginia Power : RHP Cal Abbott
|
|
Pitching: RHP Eddie Aguirre
|
|
|
Batting: RHB Daniel Rivera
|
0-0: Ball 1-0: Ball 2-0: Ground out 6-3 (Groundball, 6, EV 96.9 MPH)
|
|
Batting: RHB Cesar Rendon
|
0-0: Ball 1-0: Ground out U3 (Groundball, 34, EV 88.8 MPH)
|
|
Batting: RHB Jeremy Adams
|
0-0: Called Strike 0-1: Swinging Strike 0-2: Strikes out swinging
|
| Top of the 9th over - 0 runs, 0 hits, 0 errors, 0 left on base; Kane County 9 - West Virginia 5 |
| BOTTOM OF THE 9TH |
|
West Virginia Power batting - Pitching for Kane County Cougars : RHP Jaylen Hatten
|
|
Pitching: RHP Sam Lewis
|
|
|
Batting: LHB Dustin Herman
|
0-0: Called Strike 0-1: Swinging Strike 0-2: Ball 1-2: Strikes out looking
|
|
Batting: RHB Rusty Trader
|
0-0: Called Strike 0-1: SINGLE (Line Drive, 6M, EV 96.9 MPH)
|
|
Batting: RHB Tim Moore
|
0-0: Foul Ball, location: 2F 0-1: Foul Ball, location: 2F 0-2: Ball 1-2: Strikes out swinging
|
|
Batting: SHB Rob Haney
|
0-0: Called Strike 0-1: Called Strike 0-2: Ball 1-2: Foul Ball, location: 2F 1-2: Foul Ball, location: 2F 1-2: Ball 2-2: Ball 3-2: Strikes out swinging
|
| Bottom of the 9th over - 0 runs, 1 hit, 0 errors, 1 left on base; Kane County 9 - West Virginia 5 |
|